PUBAA
NAPA SCOOBYS @ SHERWOOD PARK A'S
09/01/1972
 
TOP OF THE 1ST
Castleton-on-Hudson Turbines batting - Pitching for Savannah Indians : RHP Preston Martin
Pitching: RHP Preston Martin
Batting: RHB Freddie Patek 0-0: Ball
1-0: Ball
2-0: Ball
3-0: Called Strike
3-1: Called Strike
3-2: Foul Ball, location: 2F
3-2: Base on Balls
Batting: LHB Stu McPherson 0-0: Ball
1-0: Ball
2-0: Ball
3-0: Called Strike
3-1: Base on Balls
Freddie Patek to second
Batting: SHB Ken Singleton 0-0: Ball
1-0: Called Strike
1-1: Called Strike
1-2: Ball
2-2: Ball
3-2: Foul Ball, location: 2F
3-2: Grounds into double play, 3-6-1 (Groundball, 34, EV 106.2 MPH)
Freddie Patek to third
Batting: RHB César Rea 0-0: Ball
1-0: Called Strike
1-1: DOUBLE (Flyball, 7LD, EV 96.9 MPH)
Freddie Patek scores
Batting: RHB Ted Sizemore 0-0: Called Strike
0-1: Ground out U3 (Groundball, 34, EV 80.6 MPH)
Top of the 1st over - 1 run, 1 hit, 0 errors, 1 left on base; Castleton-on-Hudson 1 - Savannah 0
BOTTOM OF THE 1ST
Savannah Indians batting - Pitching for Castleton-on-Hudson Turbines : RHP Keith Peterson
Pitching: RHP Keith Peterson
Batting: LHB David Hood 0-0: Ball
1-0: Foul Ball, location: 2F
1-1: Ball
2-1: SOLO HOME RUN (Flyball, 9LD, EV 88.8 MPH), Distance : 330 ft
Batting: LHB Chris Franklin 0-0: Called Strike
0-1: Called Strike
0-2: Foul Ball, location: 2F
0-2: Strikes out swinging
Batting: LHB Kenny Cunningham 0-0: Called Strike
0-1: Ball
1-1: Foul Ball, location: 2F
1-2: Strikes out looking
Batting: RHB Reginald Smith 0-0: Called Strike
0-1: Swinging Strike
0-2: Fly out, F3 (Flyball, 3D, EV 80.6 MPH)
Bottom of the 1st over - 1 run, 1 hit, 0 errors, 0 left on base; Castleton-on-Hudson 1 - Savannah 1
TOP OF THE 2ND
Castleton-on-Hudson Turbines batting - Pitching for Savannah Indians : RHP Preston Martin
Batting: RHB Greg Goossen 0-0: Ball
1-0: Ball
2-0: SINGLE (Line Drive, 9LS, EV 106.9 MPH)
Batting: SHB Glenn Sidney 0-0: Ball
1-0: Ball
2-0: Called Strike
2-1: Called Strike
2-2: Foul Ball, location: 2F
2-2: SINGLE (Groundball, 4MD, EV 99.4 MPH)
Greg Goossen to second
Batting: SHB Ryan Jackson 0-0: Ball
1-0: Foul Ball, location: 2F
1-1: Ball
2-1: Fly out, F9 (Flyball, 9S, EV 85.0 MPH)
Batting: RHB Stanley Gunter 0-0: Ball
1-0: Ball
2-0: Called Strike
2-1: Ball
3-1: Fly out, F9 (Flyball, 9D, EV 101.2 MPH)
Batting: RHB Freddie Patek 0-0: Ball
1-0: Swinging Strike
1-1: Ball
2-1: DOUBLE (Groundball, 3L, EV 105.0 MPH)
Greg Goossen scores
Glenn Sidney to third
Runner from 3rd tries for Home, SAFE, throw by RF to home
Batting: LHB Stu McPherson 0-0: Called Strike
0-1: Ground out 6-3 (Groundball, 6, EV 79.4 MPH)
Top of the 2nd over - 2 runs, 3 hits, 0 errors, 1 left on base; Castleton-on-Hudson 3 - Savannah 1
BOTTOM OF THE 2ND
Savannah Indians batting - Pitching for Castleton-on-Hudson Turbines : RHP Keith Peterson
Batting: LHB Mike Epstein 0-0: Called Strike
0-1: Ball
1-1: Swinging Strike
1-2: Hit by Pitch
Batting: RHB Juichi Suzuki 0-0: Ball
1-0: Ball
2-0: SINGLE (Groundball, 4M, EV 85.6 MPH) (infield hit)
Mike Epstein to second
Batting: RHB Bill Payne 0-0: Ball
1-0: Called Strike
1-1: Ball
2-1: Ball
3-1: SINGLE (Line Drive, 89M, EV 101.2 MPH)
Mike Epstein to third
Juichi Suzuki to second
Runner from 3rd tries for Home, throw by RF and OUT! 9-2
Batting: RHB Thad Campbell 0-0: Ball
1-0: Called Strike
Juichi Suzuki steals 3rd base
1-1: Ball
Bill Payne is caught stealing 2nd base 2-4
2-1: Foul Ball, location: 2F
2-2: SINGLE (Line Drive, 9S, EV 105.6 MPH)
Juichi Suzuki scores
Batting: RHB Jason Martínez 0-0: Swinging Strike
0-1: Ball
1-1: Called Strike
Thad Campbell steals 2nd base
1-2: Foul Ball, location: 2F
1-2: Strikes out swinging
Bottom of the 2nd over - 1 run, 3 hits, 0 errors, 1 left on base; Castleton-on-Hudson 3 - Savannah 2
TOP OF THE 3RD
Castleton-on-Hudson Turbines batting - Pitching for Savannah Indians : RHP Preston Martin
Batting: SHB Ken Singleton 0-0: Ball
1-0: Fly out, F2 (Popup, 15S, EV 86.2 MPH)
Batting: RHB César Rea 0-0: Called Strike
0-1: Called Strike
0-2: Ball
1-2: Foul Ball, location: 2F
1-2: Strikes out swinging
Batting: RHB Ted Sizemore 0-0: Ball
1-0: Foul Ball, location: 2F
1-1: Ball
2-1: Foul Ball, location: 2F
2-2: SINGLE (Groundball, 6D, EV 97.5 MPH)
Batting: RHB Greg Goossen 0-0: Ball
1-0: Ground out 4-3 (Groundball, 4, EV 85.0 MPH)
Top of the 3rd over - 0 runs, 1 hit, 0 errors, 1 left on base; Castleton-on-Hudson 3 - Savannah 2
BOTTOM OF THE 3RD
Savannah Indians batting - Pitching for Castleton-on-Hudson Turbines : RHP Keith Peterson
Batting: LHB David Hood 0-0: Fly out, F8 (Flyball, 8RM, EV 90.6 MPH)
Batting: LHB Chris Franklin 0-0: Ball
1-0: Bunt missed!
1-1: Ball
2-1: Foul Ball, location: 2F
2-2: Ball
3-2: Strikes out looking
Batting: LHB Kenny Cunningham 0-0: Ball
1-0: SINGLE (Groundball, 25, EV 72.5 MPH) (infield hit)
Batting: RHB Reginald Smith 0-0: Called Strike
0-1: Ball
1-1: Ball
2-1: SINGLE (Flyball, 3D, EV 88.8 MPH)
Kenny Cunningham to second
Runner from 2nd tries for 3rd, SAFE, throw by RF made to third
Batting: LHB Mike Epstein 0-0: Ball
1-0: Ball
2-0: Called Strike
2-1: Ball
3-1: Called Strike
3-2: Base on Balls
Reginald Smith to second
Batting: RHB Juichi Suzuki 0-0: Called Strike
0-1: Ball
1-1: GRAND SLAM HOME RUN (Flyball, 7D, EV 110.0 MPH) (Inside the Park)
Pitching: RHP James Hinkle
Batting: RHB Bill Payne 0-0: Foul Ball, location: 2F
0-1: Ball
1-1: Ground out 4-3 (Groundball, 4, EV 86.9 MPH)
Bottom of the 3rd over - 4 runs, 3 hits, 0 errors, 0 left on base; Castleton-on-Hudson 3 - Savannah 6
TOP OF THE 4TH
Castleton-on-Hudson Turbines batting - Pitching for Savannah Indians : RHP Preston Martin
Batting: SHB Glenn Sidney 0-0: Ball
1-0: Called Strike
1-1: Ball
2-1: Ball
3-1: Base on Balls
Batting: SHB Ryan Jackson 0-0: Ball
1-0: Called Strike
Glenn Sidney steals 2nd base
1-1: Called Strike
1-2: Fly out, F6 (Popup, 6, EV 78.1 MPH)
Batting: RHB Stanley Gunter 0-0: Called Strike
0-1: Fly out, F9 (Flyball, 9LM, EV 104.4 MPH)
Runner from 2nd tags up, SAFE at 3rd, no throw by RF
Batting: RHB Freddie Patek 0-0: Ground out 6-3 (Groundball, 56, EV 108.1 MPH)
Top of the 4th over - 0 runs, 0 hits, 0 errors, 1 left on base; Castleton-on-Hudson 3 - Savannah 6
BOTTOM OF THE 4TH
Savannah Indians batting - Pitching for Castleton-on-Hudson Turbines : RHP James Hinkle
Batting: RHB Thad Campbell 0-0: Ground out 3-1 (Groundball, 34, EV 90.0 MPH)
Batting: RHB Jason Martínez 0-0: Fly out, F6 (Popup, P, EV 74.4 MPH)
Batting: LHB David Hood 0-0: Ball
1-0: Ball
2-0: Ground out 2-3 (Groundball, 2L, EV 72.5 MPH)
Bottom of the 4th over - 0 runs, 0 hits, 0 errors, 0 left on base; Castleton-on-Hudson 3 - Savannah 6
TOP OF THE 5TH
Castleton-on-Hudson Turbines batting - Pitching for Savannah Indians : RHP Preston Martin
Batting: LHB Stu McPherson 0-0: Ball
1-0: Called Strike
1-1: Ball
2-1: Foul Ball, location: 2F
2-2: Ball
3-2: Foul Ball, location: 2F
3-2: Fly out, F8 (Line Drive, 8RD, EV 85.6 MPH)
Batting: SHB Ken Singleton 0-0: Ball
1-0: Called Strike
1-1: Ball
2-1: Ball
3-1: Base on Balls
Batting: RHB César Rea 0-0: Ball
1-0: Fly out, F9 (Flyball, 9D, EV 91.2 MPH)
Batting: RHB Ted Sizemore 0-0: Ball
1-0: Ball
2-0: Ball
3-0: Base on Balls
Ken Singleton to second
Batting: RHB Greg Goossen 0-0: Ball
1-0: Ground out 6-3 (Groundball, 6S, EV 84.4 MPH)
Top of the 5th over - 0 runs, 0 hits, 0 errors, 2 left on base; Castleton-on-Hudson 3 - Savannah 6
BOTTOM OF THE 5TH
Savannah Indians batting - Pitching for Castleton-on-Hudson Turbines : RHP James Hinkle
Batting: LHB Chris Franklin 0-0: Called Strike
0-1: Swinging Strike
0-2: Ball
1-2: Foul Ball, location: 2F
1-2: Ball
2-2: SINGLE (Flyball, 78S, EV 88.1 MPH)
Batting: LHB Kenny Cunningham 0-0: Ball
1-0: Ball
Chris Franklin steals 2nd base
2-0: Ball
3-0: Ground out 4-3 (Groundball, 4, EV 83.1 MPH)
Chris Franklin to third
Batting: RHB Reginald Smith 0-0: Called Strike
0-1: Ball
1-1: Swinging Strike
1-2: Foul Ball, location: 2F
1-2: Ball
2-2: Strikes out swinging
Batting: LHB Mike Epstein 0-0: Foul Ball, location: 2F
0-1: Ball
1-1: Ball
2-1: Ball
3-1: Base on Balls
Batting: RHB Juichi Suzuki 0-0: Foul Ball, location: 2F
0-1: Fly out, F7 (Line Drive, 7D, EV 99.4 MPH)
Bottom of the 5th over - 0 runs, 1 hit, 0 errors, 2 left on base; Castleton-on-Hudson 3 - Savannah 6
TOP OF THE 6TH
Castleton-on-Hudson Turbines batting - Pitching for Savannah Indians : RHP Preston Martin
Batting: SHB Glenn Sidney 0-0: Ball
1-0: Ball
2-0: Ball
3-0: Base on Balls
Batting: SHB Ryan Jackson 0-0: Swinging Strike
0-1: Ball
1-1: Bunted foul
1-2: Foul Ball, location: 2F
1-2: Ball
2-2: Ball
3-2: Fielders Choice at 2nd, 5-4 (Groundball, 56, EV 85.6 MPH)
Batting: RHB Stanley Gunter 0-0: Ball
1-0: Ball
2-0: Ball
3-0: Called Strike
3-1: Base on Balls
Ryan Jackson to second
Batting: RHB Freddie Patek 0-0: Ball
1-0: Called Strike
1-1: Ball
2-1: Ball
3-1: Base on Balls
Ryan Jackson to third
Stanley Gunter to second
Batting: LHB Stu McPherson 0-0: Ball
1-0: Ball
2-0: Called Strike
2-1: Swinging Strike
2-2: Foul Ball, location: 2F
2-2: Ball
3-2: Fly out, F9 (Flyball, 9D, EV 100.0 MPH)
Runner from 3rd tags up, SCORES, throw by RF
Stanley Gunter to third
Batting: SHB Ken Singleton 0-0: Foul Ball, location: 2F
0-1: Foul Ball, location: 2F
0-2: Ball
1-2: Ball
2-2: Ball
3-2: Base on Balls
Freddie Patek to second
Batting: RHB César Rea 0-0: Ball
1-0: Ball
2-0: Foul Ball, location: 2F
2-1: Called Strike
2-2: Ground out 6-3 (Groundball, 6S, EV 86.2 MPH)
Top of the 6th over - 1 run, 0 hits, 0 errors, 3 left on base; Castleton-on-Hudson 4 - Savannah 6
BOTTOM OF THE 6TH
Savannah Indians batting - Pitching for Castleton-on-Hudson Turbines : RHP James Hinkle
Batting: RHB Bill Payne 0-0: Hit by Pitch
Batting: RHB Thad Campbell 0-0: Bunted foul
0-1: Bunted foul
0-2: SINGLE (Groundball, 34D, EV 109.4 MPH)
Bill Payne to second
Runner from 2nd tries for 3rd, SAFE, throw by RF made to third
Thad Campbell to second
Batting: RHB Jason Martínez 0-0: Ball
1-0: Ball
2-0: Fly out, F8 (Flyball, 78D, EV 98.1 MPH)
Runner from 3rd tags up, SCORES, throw by CF
Batting: LHB David Hood 0-0: Called Strike
0-1: Ball
1-1: Ground out U3 (Groundball, 23, EV 85.6 MPH)
Thad Campbell to third
Batting: LHB Chris Franklin 0-0: Ball
1-0: Ball
2-0: Ball
3-0: Called Strike
3-1: Base on Balls
Batting: LHB Kenny Cunningham 0-0: Ball
1-0: Ball
Wild Pitch!
Thad Campbell scores
Chris Franklin to second
2-0: Called Strike
2-1: Ball
3-1: Called Strike
3-2: Base on Balls
Pitching: LHP Pepe Nieto
Batting: RHB Reginald Smith 0-0: Ground out 4-3 (Groundball, 4, EV 83.8 MPH)
Bottom of the 6th over - 2 runs, 1 hit, 0 errors, 2 left on base; Castleton-on-Hudson 4 - Savannah 8
TOP OF THE 7TH
Castleton-on-Hudson Turbines batting - Pitching for Savannah Indians : RHP Preston Martin
Batting: RHB Ted Sizemore 0-0: SINGLE (Line Drive, 8LM, EV 99.4 MPH)
Batting: RHB Greg Goossen 0-0: Called Strike
0-1: Foul Ball, location: 2F
0-2: Foul Ball, location: 2F
0-2: Foul Ball, location: 2F
0-2: Hit by Pitch
Ted Sizemore to second
Pitching: RHP Jack Aker
Batting: SHB Glenn Sidney 0-0: Ball
1-0: Foul Ball, location: 2F
1-1: Ball
2-1: Sac Bunt to 5S - play at third, runner OUT! 5-6
Greg Goossen to second
Batting: SHB Ryan Jackson 0-0: Ball
1-0: Grounds into double play, 3-6-3 (Groundball, 3, EV 102.5 MPH)
Top of the 7th over - 0 runs, 1 hit, 0 errors, 1 left on base; Castleton-on-Hudson 4 - Savannah 8
BOTTOM OF THE 7TH
Savannah Indians batting - Pitching for Castleton-on-Hudson Turbines : LHP Pepe Nieto
Batting: LHB Mike Epstein 0-0: Ball
1-0: SOLO HOME RUN (Flyball, 9D, EV 96.9 MPH) (Inside the Park)
Batting: RHB Juichi Suzuki 0-0: Swinging Strike
0-1: Foul Ball, location: 2F
0-2: Strikes out swinging, 2-3 out at first.
Batting: RHB Bill Payne 0-0: Called Strike
0-1: Ground out 5-3 (Groundball, 56, EV 109.4 MPH)
Batting: RHB Thad Campbell 0-0: Foul Ball, location: 2F
0-1: SINGLE (Groundball, 56D, EV 105.0 MPH)
Batting: RHB Jason Martínez 0-0: Ball
1-0: Foul Ball, location: 2F
1-1: Ball
2-1: Foul Ball, location: 2F
2-2: Ball
3-2: Strikes out looking
Bottom of the 7th over - 1 run, 2 hits, 0 errors, 1 left on base; Castleton-on-Hudson 4 - Savannah 9
TOP OF THE 8TH
Castleton-on-Hudson Turbines batting - Pitching for Savannah Indians : RHP Jack Aker
Batting: RHB Stanley Gunter 0-0: Called Strike
0-1: Ground out 4-3 (Groundball, 4, EV 84.4 MPH)
Batting: RHB Freddie Patek 0-0: Called Strike
0-1: Ball
1-1: SINGLE (Groundball, 6D, EV 93.8 MPH)
Batting: LHB Stu McPherson 0-0: Fly out, F7 (Flyball, 78M, EV 76.2 MPH)
Batting: SHB Ken Singleton 0-0: Called Strike
0-1: Called Strike
0-2: Reached on error, E6 (Groundball, 6, EV 85.0 MPH)
Freddie Patek to second
Batting: RHB César Rea 0-0: Ground out 4-3 (Groundball, 4, EV 80.0 MPH)
Top of the 8th over - 0 runs, 1 hit, 1 error, 2 left on base; Castleton-on-Hudson 4 - Savannah 9
BOTTOM OF THE 8TH
Savannah Indians batting - Pitching for Castleton-on-Hudson Turbines : LHP Pepe Nieto
Batting: LHB David Hood 0-0: Ball
1-0: Fly out, F8 (Flyball, 78D, EV 101.2 MPH)
Batting: LHB Chris Franklin 0-0: Ball
1-0: Ball
2-0: Foul Ball, location: 2F
2-1: Foul Ball, location: 2F
2-2: Strikes out looking
Batting: LHB Kenny Cunningham 0-0: Ball
1-0: Ball
2-0: Ball
3-0: Called Strike
3-1: Foul Ball, location: 2F
3-2: Ground out U3 (Groundball, 3S, EV 83.1 MPH)
Bottom of the 8th over - 0 runs, 0 hits, 0 errors, 0 left on base; Castleton-on-Hudson 4 - Savannah 9
TOP OF THE 9TH
Castleton-on-Hudson Turbines batting - Pitching for Savannah Indians : RHP Jack Aker
Batting: RHB Ted Sizemore 0-0: Ball
1-0: SINGLE (Groundball, 6MD, EV 105.6 MPH)
Batting: RHB Greg Goossen 0-0: Ball
1-0: Ball
2-0: Grounds into double play, 4-6-3 (Groundball, 4, EV 89.4 MPH)
Batting: SHB Glenn Sidney 0-0: Ground out 4-3 (Groundball, 4D, EV 107.5 MPH)
Top of the 9th over - 0 runs, 1 hit, 0 errors, 0 left on base; Castleton-on-Hudson 4 - Savannah 9
Wednesday, May 1st , 2024 - OOTP Baseball 24.8 Build 75